 Dungeon Crawl Stone Soup version 0.29-a0-994-gc5c9f59d18 (webtiles) character file.

Game seed: 4347808260969359255

1111 vurker the Insei (level 8, -3/42 HPs)
             Began as a Vine Stalker Enchanter on Aug 3, 2022.
             Slain by an orc warrior
             ... wielding a +0 mace
              (14 damage)
             ... on level 5 of the Dungeon.
             The game lasted 00:05:59 (4283 turns).

vurker the Insei (Vine Stalker Enchanter)           Turns: 4283, Time: 00:05:59

Health: -3/42      AC:  9    Str: 13    XL:     8   Next: 33%
Magic:  0/12       EV:  6    Int: 15    God:
Gold:   176        SH:  0    Dex: 15    Spells: 11/11 levels left

rFire   . . .      SeeInvis .   a - +2 dagger (venom)
rCold   . . .      Faith    .   (no shield)
rNeg    . . .      Spirit   +   e - +0 chain mail
rPois   .          Reflect  .   (no helmet)
rElec   .          Harm     .   l - +0 cloak
rCorr   .          Rampage  .   (no gloves)
Will    ++...                   (no boots)
Stlth   ..........              (no amulet)
HPRegen 0.94/turn               j - ring of willpower
MPRegen 0.13/turn               (no ring)

@: no status effects
A: fangs 3, regeneration 1, magic shield, antimagic bite, no potion heal 2
a: no special abilities


You were on level 5 of the Dungeon.
You visited 1 branch of the dungeon, and saw 5 of its levels.

You collected 176 gold pieces.

Inventory:

Hand Weapons
 a - a +2 dagger of venom (weapon)
   (You took it off a goblin on level 2 of the Dungeon)
Armour
 e - a +0 chain mail (worn)
   (You found it on level 1 of the Dungeon)
 l - a +0 cloak (worn)
   (You found it on level 2 of the Dungeon)
Jewellery
 j - a ring of willpower (left hand)
   (You found it on level 3 of the Dungeon)
Wands
 d - a wand of iceblast (4)
   (You found it on level 5 of the Dungeon)
Scrolls
 f - 4 scrolls of teleportation
 m - a scroll of blinking
 n - a scroll of enchant armour {unknown}
Potions
 b - a potion of brilliance {unknown}
 c - 3 potions of invisibility
 g - 4 potions of lignification
 h - a potion of attraction {unknown}
 i - a potion of haste {unknown}
 k - a potion of curing {unknown}


   Skills:
 + Level 4.8 Fighting
 - Level 0.8 Short Blades
 - Level 1.5 Dodging
 - Level 3.6 Stealth
 * Level 7.7 Unarmed Combat
 - Level 2.1 Spellcasting
 - Level 3.0 Hexes


You had 11 spell levels left.
You didn't know any spells.
Your spell library contained the following spells:

 Spells                   Type           Power      Damage    Failure   Level
 Sting                    Tmut/Pois      4%         1d3       100%        1
 Ensorcelled Hibernation  Hex/Ice        12%        N/A       100%        2
 Poisonous Vapours        Pois/Air       2%         N/A       100%        2
 Static Discharge         Conj/Air       1%         3-4/arc   100%        2
 Confusing Touch          Hex            10%        N/A       100%        3
 Dazzling Flash           Conj/Hex       12%        N/A       100%        3
 Summon Guardian Golem    Hex/Summ       6%         N/A       100%        3
 Tukima's Dance           Hex            10%        N/A       100%        3
 Olgreb's Toxic Radiance  Pois           1%         N/A       100%        4
 Lightning Bolt           Conj/Air       0%         1d11      100%        5
 Orb of Destruction       Conj           0%         9d5       100%        7
 Spellforged Servitor     Conj/Summ      0%         N/A       100%        7
 Maxwell's Capacitive Co  Air            0%         ∞         100%        8
 Chain Lightning          Conj/Air       0%         2d1       100%        9
 Fire Storm               Conj/Fire      0%         6d1       100%        9
 Shatter                  Erth           0%         3d5*      100%        9


Dungeon Overview and Level Annotations

Branches:
Dungeon (5/15)
 Temple: D:4-7

Altars:
Yredelemnul

Shops:
D:1 [


Innate Abilities, Weirdness & Mutations

You have razor-sharp teeth.
Your natural rate of healing is unusually fast.
When hurt, damage is shared between your health and your magic reserves.
Your bite disrupts and absorbs the magic of your enemies.
Potions cannot restore your health.


Message History

The scorpion stings you but does no damage. x2
You hit the scorpion.
The scorpion looks as sick as possible!
You bite the scorpion. You drain its power.
The scorpion stings you but does no damage.
You closely miss the scorpion.
You bite the scorpion, but do no damage.
You kill the scorpion!
You closely miss the orc warrior. Your bite misses the orc warrior.
The orc warrior hits you with a +0 mace!
You barely miss the orc warrior.
The orc warrior hits you with a +0 mace.
You closely miss the orc warrior. Your bite misses the orc warrior.
The orc warrior hits you with a +0 mace.
You hit the orc warrior but do no damage.
The orc warrior is poisoned.
The orc warrior barely misses you.
An orc wizard comes into view. It is wielding a +0 dagger.
You hit the orc warrior but do no damage.
The orc warrior looks even sicker.
Your bite misses the orc warrior. The orc warrior barely misses you.
You hit the orc warrior but do no damage.
The orc warrior hits you with a +0 mace.
You barely miss the orc warrior.
You bite the orc warrior, but do no damage.
The orc warrior hits you with a +0 mace.
You closely miss the orc warrior.
The orc warrior hits you with a +0 mace!
You hit the orc warrior but do no damage.
The orc warrior looks as sick as possible!
Your bite misses the orc warrior.
The orc warrior hits you with a +0 mace!
* * * LOW HITPOINT WARNING * * *
You barely miss the orc warrior.
The orc warrior hits you with a +0 mace!
* * * LOW HITPOINT WARNING * * *
The orc wizard mumbles some strange words.
The orc wizard flickers and vanishes!
Deactivating autopickup; reactivate with Ctrl-A.
You closely miss the orc warrior. Your bite misses the orc warrior.
The orc warrior completely misses you.
You closely miss the orc warrior.
You bite the orc warrior, but do no damage.
The orc warrior hits you with a +0 mace.
* * * LOW HITPOINT WARNING * * *
The mass of ice explodes!
The iceblast engulfs the orc warrior but does no damage.
Okay, then.
Something hits you but does no damage.
The orc warrior attacks as you move away!
The orc warrior hits you with a +0 mace!
You die...

#.##..#.#.##..###.##.#
#.##..#.#.##..###.##.# #+##
#.##....#.##(.....##.# #...##
#.##.#..#.##..##..##.###.....#!
#..#.#..#.##..##..##.##........
#.........##......##.#.....(...
...................†.'[........
#...##.########.o.####.........
....##.# #......@.# ##..!...?.
###.##.# #.#####..# ##.....#.
.......# #..# #...## .##.####
#..# #+## .##.# [..# ....# #..#
.#### ##.# .# .# .#


You could see an orc warrior (very poisoned).

Vanquished Creatures
  Grinder (D:3)
  Sigmund (D:3)
  A wyvern (D:4)
  A phantom (D:5)
  A necrophage (D:5)
  3 scorpions
  A hound (D:5)
  A jelly (D:5)
  Jessica (D:3)
  2 iguanas
  3 gnolls (D:2)
  5 adders
  2 worms (D:4)
  2 dart slugs
  3 orcs
  2 ball pythons
  4 endoplasms
  3 giant cockroaches
  8 goblins
  10 hobgoblins
  10 kobolds
  3 quokkas
  3 bats
  3 frilled lizards
  3 rats
77 creatures vanquished.

Vanquished Creatures (others)
  7 plants (D:3)
7 creatures vanquished.

Grand Total: 84 creatures vanquished

Notes
Turn   | Place    | Note
-------+----------+-------------------------------------------
     0 | D:1      | vurker the Vine Stalker Enchanter began the quest for the
                  | Orb.
     0 | D:1      | Reached XP level 1. HP: 9/9 MP: 4/4
   224 | D:1      | Found a faded altar of an unknown god.
   416 | D:1      | Reached skill level 1 in Unarmed Combat
   416 | D:1      | Reached XP level 2. HP: 5/14 MP: 4/6
   637 | D:1      | You fall into a shaft and drop 1 floor!
   983 | D:1      | Reached skill level 1 in Fighting
  1010 | D:1      | Found Umatoank's Antique Armour Boutique.
  1531 | D:2      | Reached skill level 2 in Unarmed Combat
  1531 | D:2      | Reached XP level 3. HP: 15/18 MP: 7/7
  1849 | D:2      | Reached skill level 3 in Unarmed Combat
  1849 | D:2      | Gained mutation: Your natural rate of healing is unusually
                  | fast. [Vine Stalker growth]
  1849 | D:2      | Reached XP level 4. HP: 6/23 MP: 2/8
  2245 | D:3      | Noticed Jessica
  2259 | D:3      | Killed Jessica
  2260 | D:3      | Reached XP level 5. HP: 25/26 MP: 9/9
  2366 | D:3      | Found a basalt altar of Yredelemnul.
  2391 | D:3      | Noticed Grinder
  2399 | D:3      | Paralysed by Grinder for 3 turns
  2567 | D:3      | Noticed Sigmund
  2586 | D:3      | Killed Sigmund
  2587 | D:3      | Reached skill level 4 in Unarmed Combat
  2587 | D:3      | Reached XP level 6. HP: 28/32 MP: 10/10
  2768 | D:3      | Paralysed by Grinder for 5 turns
  2774 | D:3      | Killed Grinder
  2775 | D:3      | Reached skill level 5 in Unarmed Combat
  2775 | D:3      | Reached XP level 7. HP: 19/36 MP: 11/11
  3188 | D:4      | Reached skill level 6 in Unarmed Combat
  3196 | D:4      | Identified the +5 war axe of Eternal War {elec, *Slow
                  | Dex+6}
  3675 | D:4      | Noticed a wyvern
  3686 | D:4      | Killed a wyvern
  3924 | D:5      | Entered Level 5 of the Dungeon
  3948 | D:5      | Reached skill level 7 in Unarmed Combat
  3948 | D:5      | Gained mutation: You have razor-sharp teeth. [Vine Stalker
                  | growth]
  3948 | D:5      | Reached XP level 8. HP: 39/42 MP: 12/12
  4283 | D:5      | Slain by an orc warrior

Illustrated notes

Levels and vault maps discovered:
D:1:      psy_arrival_dodecagon, layout_loops_ring, serial_shops,
          nicolae_lakefront_shop, dreamdust_ecumenical_altar_statues,
          minmay_misc_feat_diagonals, dk_noncrumbling_2
D:2:      layout_rooms, serial_aquarium, aquarium_bridge_square
          [aquarium_subvault_bridge, aquarium_subvault_window,
          aquarium_subvault_window, aquarium_subvault_bridge],
          aquarium_window_corridor_1, aquarium_window_fake, aquarium_view_2d,
          aquarium_view_2d, aquarium_balcony_double_4, aquarium_pool_S
D:3:      layout_loops_ring, yredelemnul_altar_generic, serial_bayou,
          serial_bayou_shore_a, serial_bayou_pond_b, serial_bayou_pond_c,
          serial_bayou_crossing, nrook_mini_backslash, uniq_jessica,
          uniq_grinder, uniq_sigmund
D:4:      layout_gridville, dreamdust_princess_bridge, minmay_misc_feat_roman
D:5:      layout_loops_corners, minmay_manual_mandibuliform

Skill      XL: |  1  2  3  4  5  6  7 |
---------------+----------------------+-----
Unarmed Combat | 1 2 3 4 5 7 |  7.7
Fighting       | 1 2 3 4 |  4.8
Short Blades   | |  0.8
Dodging        | |  1.5
Stealth        | |  3.6
Spellcasting   | |  2.1
Hexes          | |  3.0

Action                   |  1- 3 |  4- 6 |  7- 9 || total
-------------------------+-------+-------+-------++-------
Melee: Unarmed           |   111 |    28 |     4 ||   143
       Bite              |    21 |    26 |    45 ||    92
       Dagger            |       |    54 |   118 ||   172
       Punch             |       |     4 |     5 ||     9
Evoke: Wand              |       |       |     1 ||     1
  Use: Scroll            |     2 |     5 |     3 ||    10
 Stab: Sleeping          |     3 |       |       ||     3
Armor: Robe              |     3 |       |       ||     3
       Chain mail        |    42 |    25 |    52 ||   119
Dodge: Dodged            |    43 |    15 |    30 ||    88

Table legend: (Time is in decaauts)
 A = Elapsed time spent in this place.
 B = Non-inter-level travel time spent in this place.
 C = Inter-level travel time spent in this place.
 D = Time resting spent in this place.
 E = Time spent auto-exploring this place.
 F = Levels seen in this place.
 G = Mean time per level.
                   A        B        C        D        E       F      G
               +--------+--------+--------+--------+--------+-----+--------+
         Total |   4298 |   4113 |    185 |      0 |   3318 |   5 |  859.6 |
       Dungeon |   4298 |   4113 |    185 |      0 |   3318 |   5 |  859.6 |
               +--------+--------+--------+--------+--------+-----+--------+

Top non-repeatable levels by time:
     D:1: 1377 daAuts
     D:3: 966 daAuts
     D:2: 858 daAuts
     D:4: 740 daAuts
     D:5: 355 daAuts
